TOP OF THE 1ST |
Yakima Hops batting - Pitching for Phoenix Hotspur Youth : RHP Melvin Langley
|
Pitching: RHP Melvin Langley
|
|
Batting: RHB Mariano Sánchez
|
0-0: Ball 1-0: Foul Ball, location: 2F 1-1: Called Strike 1-2: Strikes out looking
|
Batting: SHB Orlando Villa
|
0-0: Ball 1-0: Ball 2-0: Ground out 4-3 (Groundball, 4)
|
Batting: SHB Albert Sánchez
|
0-0: Ball 1-0: Foul Ball, location: 2F 1-1: Ball 2-1: SINGLE (Groundball, 6MD) (infield hit)
|
Batting: LHB Bryce Reilly
|
0-0: Ground out 1-3 (Groundball, 13)
|
Top of the 1st over - 0 run(s), 1 hit(s), 0 error(s), 1 left on base; Yakima 0 - Phoenix Hotspur 0 |
BOTTOM OF THE 1ST |
Phoenix Hotspur Youth batting - Pitching for Yakima Hops : RHP Curt Tate
|
Pitching: RHP Curt Tate
|
|
Batting: RHB Wilson Castillo
|
0-0: Ball 1-0: Called Strike 1-1: Ball 2-1: Fly out, F3 (Popup, 3SF)
|
Batting: LHB Kenny Scott
|
0-0: Called Strike 0-1: Foul Ball, location: 2F 0-2: Ball 1-2: Ball 2-2: Strikes out swinging
|
Batting: LHB Ricardo Peña
|
0-0: Ball 1-0: Called Strike 1-1: SINGLE (Flyball, 8RS)
|
Batting: RHB Jim Unknown
|
0-0: Ball Ricardo Peña is caught stealing 2nd base
|
Bottom of the 1st over - 0 run(s), 1 hit(s), 0 error(s), 0 left on base; Yakima 0 - Phoenix Hotspur 0 |
TOP OF THE 2ND |
Yakima Hops batting - Pitching for Phoenix Hotspur Youth : RHP Melvin Langley
|
Batting: SHB Carlos Sánchez
|
0-0: SINGLE (Flyball, 89S)
|
Batting: RHB Vicente Rodríguez
|
0-0: Ball 1-0: Ball 2-0: Called Strike Carlos Sánchez is caught stealing 2nd base 2-1: Ball 3-1: Called Strike 3-2: Foul Ball, location: 2F 3-2: Base on Balls
|
Batting: RHB Manuel Martínez
|
0-0: Called Strike 0-1: Ball 1-1: Ball 2-1: Grounds into double play, U6-3 (Groundball, 6)
|
Top of the 2nd over - 0 run(s), 1 hit(s), 0 error(s), 0 left on base; Yakima 0 - Phoenix Hotspur 0 |
BOTTOM OF THE 2ND |
Phoenix Hotspur Youth batting - Pitching for Yakima Hops : RHP Curt Tate
|
Batting: RHB Jim Unknown
|
0-0: Ball 1-0: Ball 2-0: Ground out 5-3 (Groundball, 5S)
|
Batting: RHB Jesús Mejía
|
0-0: Called Strike 0-1: SINGLE (Flyball, 8RS)
|
Batting: RHB Marc Meertens
|
0-0: Ball 1-0: Foul Ball, location: 2F 1-1: Ball 2-1: Foul Ball, location: 2F 2-2: Grounds into double play, 6-4-3 (Groundball, 6M)
|
Bottom of the 2nd over - 0 run(s), 1 hit(s), 0 error(s), 0 left on base; Yakima 0 - Phoenix Hotspur 0 |
TOP OF THE 3RD |
Yakima Hops batting - Pitching for Phoenix Hotspur Youth : RHP Melvin Langley
|
Batting: SHB Esteban Lugo
|
0-0: Ball 1-0: Foul Ball, location: 2F 1-1: Swinging Strike 1-2: Ball 2-2: Foul Ball, location: 2F 2-2: Strikes out swinging
|
Batting: SHB Luis Luquín
|
0-0: Ball 1-0: Called Strike 1-1: Fly out, F8 (Flyball, 8RM)
|
Batting: RHB Mariano Sánchez
|
0-0: Ball 1-0: Ground out 6-3 (Groundball, 6)
|
Top of the 3rd over - 0 run(s), 0 hit(s), 0 error(s), 0 left on base; Yakima 0 - Phoenix Hotspur 0 |
BOTTOM OF THE 3RD |
Phoenix Hotspur Youth batting - Pitching for Yakima Hops : RHP Curt Tate
|
Batting: RHB Pedro Martínez
|
0-0: Called Strike 0-1: Swinging Strike 0-2: Strikes out swinging
|
Batting: RHB Javier González
|
0-0: Fly out, F7 (Line Drive, 7M)
|
Batting: LHB Richard Alpert
|
0-0: Called Strike 0-1: Ball 1-1: Called Strike 1-2: Ball 2-2: Ball 3-2: Foul Ball, location: 2F 3-2: Base on Balls
|
Batting: RHB Wilson Castillo
|
0-0: Called Strike 0-1: Fielders Choice at 2nd, U4 (Groundball, 4M)
|
Bottom of the 3rd over - 0 run(s), 0 hit(s), 0 error(s), 1 left on base; Yakima 0 - Phoenix Hotspur 0 |
TOP OF THE 4TH |
Yakima Hops batting - Pitching for Phoenix Hotspur Youth : RHP Melvin Langley
|
Batting: SHB Orlando Villa
|
0-0: Ball 1-0: Ball 2-0: Foul Ball, location: 2F 2-1: Ball 3-1: Foul Ball, location: 2F 3-2: Fly out, F7 (Line Drive, 7M)
|
Batting: SHB Albert Sánchez
|
0-0: Ball 1-0: Ball 2-0: Ball 3-0: Called Strike 3-1: Base on Balls
|
Batting: LHB Bryce Reilly
|
0-0: Ball 1-0: Ball 2-0: Called Strike 2-1: Ball 3-1: Foul Ball, location: 2F 3-2: Foul Ball, location: 2F 3-2: Base on Balls Albert Sánchez to second
|
Batting: SHB Carlos Sánchez
|
0-0: Ball 1-0: Foul Ball, location: 2F 1-1: Foul Ball, location: 2F 1-2: Fly out, F5 (Popup, 5S)
|
Batting: RHB Vicente Rodríguez
|
0-0: Ball 1-0: SINGLE (Line Drive, 89S) Albert Sánchez to third Bryce Reilly to second Runner from 3rd tries for Home, throw and OUT!
|
Top of the 4th over - 0 run(s), 1 hit(s), 0 error(s), 2 left on base; Yakima 0 - Phoenix Hotspur 0 |
BOTTOM OF THE 4TH |
Phoenix Hotspur Youth batting - Pitching for Yakima Hops : RHP Curt Tate
|
Batting: LHB Kenny Scott
|
0-0: Called Strike 0-1: Ball 1-1: Swinging Strike 1-2: Ball 2-2: Foul Ball, location: 2F 2-2: Ground out 1-3 (Groundball, 13S)
|
Batting: LHB Ricardo Peña
|
0-0: Ball 1-0: Ground out 1-3 (Groundball, 13)
|
Batting: RHB Jim Unknown
|
0-0: Fly out, F9 (Flyball, 9S)
|
Bottom of the 4th over - 0 run(s), 0 hit(s), 0 error(s), 0 left on base; Yakima 0 - Phoenix Hotspur 0 |
TOP OF THE 5TH |
Yakima Hops batting - Pitching for Phoenix Hotspur Youth : RHP Melvin Langley
|
Batting: RHB Manuel Martínez
|
0-0: Called Strike 0-1: Ball 1-1: Ball 2-1: Ball 3-1: SINGLE (Groundball, 56)
|
Batting: SHB Esteban Lugo
|
0-0: Bunt missed! 0-1: Bunted foul Single, Error in OF, E9, batter to second base Manuel Martínez to third
|
Batting: SHB Luis Luquín
|
0-0: Foul Ball, location: 2F 0-1: DOUBLE (Flyball, 8LXD) Manuel Martínez scores Esteban Lugo scores
|
Batting: RHB Mariano Sánchez
|
0-0: Ball 1-0: Ball Wild Pitch! Luis Luquín to third 2-0: Ball 3-0: Base on Balls
|
Batting: SHB Orlando Villa
|
0-0: Called Strike 0-1: Swinging Strike 0-2: Ball 1-2: Ball 2-2: Ball 3-2: Base on Balls Mariano Sánchez to second
|
Batting: SHB Albert Sánchez
|
0-0: Grounds into double play, 4-6-3 (Groundball, 4) Luis Luquín scores Mariano Sánchez to third
|
Batting: LHB Bryce Reilly
|
0-0: Ground out U3 (Groundball, 3L)
|
Top of the 5th over - 3 run(s), 3 hit(s), 1 error(s), 1 left on base; Yakima 3 - Phoenix Hotspur 0 |
BOTTOM OF THE 5TH |
Phoenix Hotspur Youth batting - Pitching for Yakima Hops : RHP Curt Tate
|
Batting: RHB Jesús Mejía
|
0-0: Called Strike 0-1: Foul Ball, location: 2F 0-2: Ball 1-2: Ball 2-2: Ball 3-2: Foul Ball, location: 2F 3-2: Base on Balls
|
Batting: RHB Marc Meertens
|
0-0: Called Strike 0-1: DOUBLE (Groundball, 3L) Jesús Mejía to third
|
Batting: RHB Pedro Martínez
|
0-0: Ball 1-0: Ball 2-0: Called Strike 2-1: SINGLE (Line Drive, 78S) Jesús Mejía scores Marc Meertens to third Runner from 3rd tries for Home, throw and OUT! Pedro Martínez to second
|
Batting: RHB Javier González
|
0-0: Ball 1-0: Called Strike 1-1: Ball 2-1: Called Strike 2-2: Ball 3-2: Base on Balls
|
Batting: LHB Richard Alpert
|
0-0: Foul Ball, location: 2F 0-1: Ball 1-1: SINGLE (Groundball, 34) Pedro Martínez to third Javier González to second Runner from 3rd tries for Home, throw and OUT!
|
Batting: RHB Wilson Castillo
|
0-0: Ball 1-0: Called Strike 1-1: Ball 2-1: Ball 3-1: Foul Ball, location: 2F 3-2: Foul Ball, location: 2F 3-2: Base on Balls Javier González to third Richard Alpert to second
|
Batting: LHB Kenny Scott
|
0-0: Ball 1-0: Swinging Strike 1-1: Fly out, F3 (Popup, 23F)
|
Bottom of the 5th over - 1 run(s), 3 hit(s), 0 error(s), 3 left on base; Yakima 3 - Phoenix Hotspur 1 |
TOP OF THE 6TH |
Yakima Hops batting - Pitching for Phoenix Hotspur Youth : RHP Melvin Langley
|
Batting: SHB Carlos Sánchez
|
0-0: Called Strike 0-1: Ball 1-1: Ground out U3 (Groundball, 3)
|
Batting: RHB Vicente Rodríguez
|
0-0: Ground out 6-3 (Groundball, 6M)
|
Batting: RHB Manuel Martínez
|
0-0: Ball 1-0: Foul Ball, location: 2F 1-1: Ball 2-1: Ball 3-1: SINGLE (Groundball, 6MD)
|
Batting: SHB Esteban Lugo
|
0-0: Called Strike 0-1: Swinging Strike 0-2: Strikes out swinging
|
Top of the 6th over - 0 run(s), 1 hit(s), 0 error(s), 1 left on base; Yakima 3 - Phoenix Hotspur 1 |
BOTTOM OF THE 6TH |
Phoenix Hotspur Youth batting - Pitching for Yakima Hops : RHP Curt Tate
|
Batting: LHB Ricardo Peña
|
0-0: Foul Ball, location: 2F 0-1: Called Strike 0-2: Ball 1-2: Foul Ball, location: 2F 1-2: Ball 2-2: Ball 3-2: Strikes out looking
|
Batting: RHB Jim Unknown
|
0-0: Swinging Strike 0-1: Ball 1-1: Called Strike 1-2: Foul Ball, location: 2F 1-2: Ball 2-2: Ball 3-2: Strikes out swinging
|
Batting: RHB Jesús Mejía
|
0-0: Ball 1-0: Ball 2-0: Ball 3-0: Called Strike 3-1: Foul Ball, location: 2F 3-2: Foul Ball, location: 2F 3-2: Foul Ball, location: 2F 3-2: Foul Ball, location: 2F 3-2: Ground out 5-3 (Groundball, 5S)
|
Bottom of the 6th over - 0 run(s), 0 hit(s), 0 error(s), 0 left on base; Yakima 3 - Phoenix Hotspur 1 |
TOP OF THE 7TH |
Yakima Hops batting - Pitching for Phoenix Hotspur Youth : RHP Melvin Langley
|
Batting: SHB Luis Luquín
|
0-0: Ball 1-0: Ball 2-0: SINGLE (Flyball, 6MD)
|
Batting: RHB Mariano Sánchez
|
0-0: Bunted foul 0-1: Sac Bunt - play at first, batter OUT! U3 Luis Luquín to second
|
Batting: SHB Orlando Villa
|
0-0: Foul Ball, location: 2F 0-1: Fly out, F8 (Flyball, 8RD) Runner from 2nd tags up, OUT at 3rd
|
Top of the 7th over - 0 run(s), 1 hit(s), 0 error(s), 0 left on base; Yakima 3 - Phoenix Hotspur 1 |
BOTTOM OF THE 7TH |
Phoenix Hotspur Youth batting - Pitching for Yakima Hops : RHP Curt Tate
|
Pitching: LHP Cisco Flores
|
|
Batting: RHB Marc Meertens
|
0-0: Called Strike 0-1: Called Strike 0-2: Strikes out looking
|
Batting: RHB Pedro Martínez
|
0-0: Ball 1-0: Swinging Strike 1-1: Swinging Strike 1-2: Ball 2-2: Foul Ball, location: 2F 2-2: SINGLE (Groundball, 5L)
|
Batting: RHB Javier González
|
0-0: Called Strike 0-1: Ball 1-1: Ball 2-1: Foul Ball, location: 2F 2-2: Strikes out looking
|
Batting: LHB Richard Alpert
|
0-0: Ball 1-0: Foul Ball, location: 2F 1-1: Ground out U3 (Groundball, 3)
|
Bottom of the 7th over - 0 run(s), 1 hit(s), 0 error(s), 1 left on base; Yakima 3 - Phoenix Hotspur 1 |
TOP OF THE 8TH |
Yakima Hops batting - Pitching for Phoenix Hotspur Youth : RHP Melvin Langley
|
Batting: SHB Albert Sánchez
|
0-0: Ball 1-0: Ball 2-0: SINGLE (Line Drive, 9S)
|
Batting: LHB Bryce Reilly
|
0-0: Called Strike 0-1: SINGLE (Line Drive, 6D) Albert Sánchez to second
|
Batting: SHB Carlos Sánchez
|
0-0: Ball 1-0: Called Strike 1-1: Foul Ball, location: 2F 1-2: Strikes out looking
|
Batting: RHB Vicente Rodríguez
|
0-0: Ball 1-0: Swinging Strike 1-1: Ball Passed Ball! Albert Sánchez to third Bryce Reilly to second 2-1: SINGLE (Groundball, 56D) Albert Sánchez scores Bryce Reilly to third Runner from 3rd tries for Home, SAFE, no throw or cutoff
|
Pitching: LHP Iván Vélez
|
|
Batting: RHB Manuel Martínez
|
0-0: Ball 1-0: Ball 2-0: Called Strike 2-1: Fly out, F1 (Line Drive, 13) 2-1: Lined into DP, 1-3 (Line Drive, 13)
|
Top of the 8th over - 2 run(s), 3 hit(s), 0 error(s), 0 left on base; Yakima 5 - Phoenix Hotspur 1 |
BOTTOM OF THE 8TH |
Phoenix Hotspur Youth batting - Pitching for Yakima Hops : LHP Cisco Flores
|
Batting: RHB Wilson Castillo
|
0-0: Swinging Strike 0-1: Foul Ball, location: 2F 0-2: Ball 1-2: Ground out 6-3 (Groundball, 6M)
|
Batting: LHB Kenny Scott
|
0-0: Ground out U3 (Groundball, 3S)
|
Batting: LHB Ricardo Peña
|
0-0: Ball 1-0: Called Strike 1-1: Fly out, F8 (Flyball, 8LM)
|
Bottom of the 8th over - 0 run(s), 0 hit(s), 0 error(s), 0 left on base; Yakima 5 - Phoenix Hotspur 1 |
TOP OF THE 9TH |
Yakima Hops batting - Pitching for Phoenix Hotspur Youth : LHP Iván Vélez
|
Batting: SHB Esteban Lugo
|
0-0: Ball 1-0: Fly out, F7 (Flyball, 78D)
|
Batting: SHB Luis Luquín
|
0-0: Foul Ball, location: 2F 0-1: Ball 1-1: Swinging Strike 1-2: SINGLE (Groundball, 13) (infield hit)
|
Batting: RHB Mariano Sánchez
|
0-0: Ball 1-0: Swinging Strike 1-1: Ball 2-1: Fly out, F8 (Flyball, 8RM)
|
Batting: SHB Orlando Villa
|
0-0: Called Strike 0-1: Fly out, F8 (Flyball, 8RS)
|
Top of the 9th over - 0 run(s), 1 hit(s), 0 error(s), 1 left on base; Yakima 5 - Phoenix Hotspur 1 |
BOTTOM OF THE 9TH |
Phoenix Hotspur Youth batting - Pitching for Yakima Hops : LHP Cisco Flores
|
Pitching: LHP Jim Unknown
|
|
Batting: RHB Jim Unknown
|
0-0: Ball 1-0: SOLO HOME RUN (Flyball, 78XD), Distance : 398 ft
|
Batting: RHB Jesús Mejía
|
0-0: Ball 1-0: Foul Ball, location: 2F 1-1: Ball 2-1: Ball 3-1: Called Strike 3-2: Ground out 5-3 (Groundball, 5S)
|
Batting: RHB Marc Meertens
|
0-0: Ball 1-0: SINGLE (Line Drive, 34D)
|
Batting: RHB Pedro Martínez
|
0-0: Swinging Strike 0-1: Ball 1-1: Ball 2-1: Called Strike 2-2: Fly out, F7 (Flyball, 78M)
|
Batting: RHB Javier González
|
0-0: Ball 1-0: Called Strike 1-1: SINGLE (Line Drive, 6D) Marc Meertens to second Runner from 2nd tries for 3rd, SAFE, no throw or cutoff
|
Pinch Hitting: RHB Chris Hopkins
|
0-0: Ball 1-0: Fly out, F9 (Flyball, 9LS)
|
Bottom of the 9th over - 1 run(s), 3 hit(s), 0 error(s), 2 left on base; Yakima 5 - Phoenix Hotspur 2 |
|